 Dungeon Crawl Stone Soup version 0.29.1-1-gd02db6906a (console) character file.

Game seed: 18297746387622796897

101 om the Digger (level 4, 0/24 HPs)
             Began as a Gargoyle Earth Elementalist on Oct 21, 2022.
             Killed from afar by Ijyb (1 damage)
             ... with a puff of flame
             ... on level 4 of the Dungeon.
             The game lasted 00:06:44 (3039 turns).

om the Digger (Gargoyle Earth Elementalist)         Turns: 3039, Time: 00:06:45

Health: 0/24       AC:  7    Str: 15    XL:     4   Next: 75%
Magic:  8/8        EV: 12    Int: 18    God:
Gold:   160        SH:  0    Dex: 12    Spells: 2/8 levels left

rFire   . . .      SeeInvis +   i - +4 whip {vorpal, Str+4 Dex+2 SInv}
rCold   . . .      Faith    .   (no shield)
rNeg    + . .      Spirit   .   a - +0 robe
rPois   ∞          Reflect  .   p - +1 helmet
rElec   +          Harm     .   (no cloak)
rCorr   .          Rampage  .   (no gloves)
Will    .....                   (no boots)
Stlth   ++........              (no amulet)
HPRegen 0.08/turn               e - ring of see invisible
MPRegen 0.11/turn               (no ring)

@: no status effects
A: sickness immunity, AC +3, negative energy resistance 1, electricity
resistance, torment resistance 1, petrification resistance
a: no special abilities


You were on level 4 of the Dungeon.
You visited 1 branch of the dungeon, and saw 4 of its levels.

You collected 160 gold pieces.

Inventory:

Hand Weapons
 d - a +1 spectral dagger
 i - the +4 whip "Undertaker" (weapon) {vorpal, Str+4 Dex+2 SInv}
   (You found it on level 2 of the Dungeon)

   It inflicts extra damage upon your enemies.
   Str:       It affects your strength (+4).
   Dex:       It affects your dexterity (+2).
   SInv:      It lets you see invisible.
Missiles
 k - 28 stones
Armour
 a - a +0 robe (worn)
 p - a +1 helmet (worn)
Jewellery
 e - a ring of see invisible (left hand)
Scrolls
 j - a scroll of enchant weapon
Potions
 b - a potion of magic
 c - a potion of ambrosia
 f - a potion of mutation {unknown}
 g - a potion of resistance {unknown}
 h - a potion of degeneration {unknown}
 m - 2 potions of cancellation {unknown}
 q - a potion of brilliance {unknown}
 r - a potion of might {unknown}


   Skills:
 * Level 1.4 Maces & Flails
 + Level 2.1 Dodging
 + Level 2.8 Stealth
 + Level 2.7 Spellcasting
 + Level 1.4 Transmutations
 + Level 4.2 Earth Magic


You had 2 spell levels left.
You knew the following spells:

 Your Spells              Type           Power      Damage    Failure   Level
a - Sandblast             Erth           34%        2d9       3%          1
b - Passwall              Tmut/Erth      10%        N/A       8%          2
c - Stone Arrow           Conj/Erth      20%        3d8       22%         3

Your spell library contained the following spells:

 Spells                   Type           Power      Damage    Failure   Level
 Petrify                  Tmut/Erth      12%        N/A       45%         4


Dungeon Overview and Level Annotations

Branches:
Dungeon (4/15)
 Temple: D:4-7

Altars:

Shops:
D:3 *

Annotations:
D:4 Ijyb


Innate Abilities, Weirdness & Mutations

You are immune to sickness and miasma.
Your stone body is resilient. (AC +3)
You are immune to poison.
You resist negative energy. (rN+)
You are resistant to electric shocks. (rElec)
You are resistant to unholy torment.
You are immune to petrification.


Message History

Ijyb barely misses you.
The goblin shoots a sling bullet.
The sling bullet barely misses you. Ijyb barely misses you.
The goblin shoots a sling bullet.
The sling bullet hits you.
* * * LOW HITPOINT WARNING * * *
You aren't carrying any items that you can evoke.
You are confused.
You feel invigorated.
Ijyb screams, "Die!"
Ijyb barely misses you.
The goblin shoots a sling bullet.
The sling bullet hits you but does no damage.
You closely miss Ijyb.
Ijyb is lightly wounded.
Ijyb barely misses you.
The goblin shoots a sling bullet.
The sling bullet hits you but does no damage.
You barely miss Ijyb.
Ijyb is lightly wounded.
You feel less invigorated.
You feel less confused. Ijyb barely misses you.
The goblin shoots a sling bullet.
The sling bullet barely misses you.
You hit Ijyb.
Ijyb is moderately wounded.
Ijyb zaps a wand.
The puff of flame misses you.
You hit Ijyb but do no damage. Your punch misses Ijyb.
Ijyb is moderately wounded.
Ijyb screams, "Get away!"
Ijyb zaps a wand.
The puff of flame hits you!
The goblin unwields a +0 sling.
The goblin wields a +0 dagger.
The goblin hits you but does no damage.
You closely miss Ijyb.
Ijyb is moderately wounded.
Ijyb zaps a wand.
The puff of flame hits you.
* * * LOW HITPOINT WARNING * * *
You hit Ijyb.
Ijyb is moderately wounded.
The goblin closely misses you. Ijyb hits you with a +0 club.
* * * LOW HITPOINT WARNING * * *
You hit Ijyb.
Ijyb is moderately wounded.
The goblin completely misses you.
Ijyb zaps a wand.
The puff of flame hits you.
You die...

#.##.#.#####
#.##.#.#
#.##.#.#
#.##...#
#.####.# #.#
#.# #.# #..#
#.##...##
#.#.....##.
#..........
###@g......
#.g...##.
#.#...#
#.##...# #.#
#.... #..
#.## ### ##


You could see Ijyb and a goblin.

Vanquished Creatures
  An orc wizard (D:4)
  Robin (D:3)
  3 worms
  2 orcs
  3 endoplasms
  3 giant cockroaches
  10 hobgoblins
  4 kobolds
  A quokka (D:2)
  3 ball pythons
  6 bats
  A frilled lizard (D:2)
  9 goblins (D:3)
  3 rats
50 creatures vanquished.

Notes
Turn   | Place    | Note
-------+----------+-------------------------------------------
     0 | D:1      | om the Gargoyle Earth Elementalist began the quest for the
                  | Orb.
     0 | D:1      | Reached XP level 1. HP: 10/10 MP: 3/3
   359 | D:1      | Reached XP level 2. HP: 15/15 MP: 1/5
   483 | D:1      | Found a faded altar of an unknown god.
   576 | D:1      | Reached skill level 1 in Transmutations
   864 | D:2      | Identified the +4 whip "Undertaker" {vorpal, Str+4 Dex+2
                  | SInv}
  1447 | D:2      | Reached XP level 3. HP: 19/19 MP: 2/6
  1752 | D:3      | Identified the +1 ring mail of the Heron {Drain Str-4 Int+2
                  | Dex+3}
  1840 | D:3      | Reached skill level 4 in Earth Magic
  2022 | D:3      | Noticed Robin
  2130 | D:3      | Found Acuaduyc's Assorted Antiques.
  2134 | D:3      | Learned a level 2 spell: Passwall
  2143 | D:3      | Learned a level 3 spell: Stone Arrow
  2162 | D:3      | Killed Robin
  2163 | D:3      | Reached skill level 1 in Maces & Flails
  2163 | D:3      | Reached XP level 4. HP: 24/24 MP: 3/7
  3025 | D:4      | Noticed Ijyb
  3038 | D:4      | HP: 1/24 [Ijyb/+0 club (2)]
  3039 | D:4      | Killed from afar by Ijyb

Illustrated notes

Levels and vault maps discovered:
D:1:      scummos_arrival_star, layout_loops_ring, basic_ecumenical_altar,
          minmay_tripent
D:2:      layout_rooms
D:3:      layout_loops_ring, serial_shops, nicolae_shop_stone, st_stairs_3,
          grunt_decor_cap, minmay_misc_feat_plants, uniq_robin
D:4:      layout_loops_ring, grunt_temple_overflow_diamond,
          nicolae_ossuary_entry_false_entrances, nicolae_shop_firing_range,
          uniq_ijyb

Skill      XL: |  1  2  3 |
---------------+----------+-----
Transmutations | 1 |  1.4
Earth Magic    | 4 |  4.2
Dodging        | 2 |  2.1
Maces & Flails | 1 |  1.4
Stealth        | |  2.8
Spellcasting   | |  2.7

Action                   |  1- 3 |  4- 6 || total
-------------------------+-------+-------++-------
Melee: Dagger            |     7 |       ||     7
       Whip              |    28 |    25 ||    53
 Cast: Sandblast         |    37 |    11 ||    48
  Use: Scroll            |     1 |     5 ||     6
       Potion            |       |     1 ||     1
 Stab: Sleeping          |     1 |     1 ||     2
Armor: Robe              |    24 |    11 ||    35
Dodge: Dodged            |    44 |    18 ||    62
